 Dungeon Crawl Stone Soup version 0.17-a0-1685-g57e755e (webtiles) character file.

70 KINGKRU the Skirmisher (level 4, -6/40 HPs)
             Began as a Hill Orc Wanderer on Aug 19, 2015.
             Was an Initiate of Makhleb.
             Mangled by an ogre
             ... wielding a +0 giant spiked club
              (7 damage)
             ... on level 4 of the Dungeon.
             The game lasted 00:09:27 (3128 turns).

KINGKRU the Skirmisher (Hill Orc Wanderer)          Turns: 3128, Time: 00:09:27

Health: -6/40      AC:  3    Str: 15    XL:     4   Next: 21%
Magic:  4/4        EV: 12    Int: 12    God:    Makhleb [......]
Gold:   120        SH:  0    Dex: 10    Spells: 0 memorised, 3 levels left

rFire  . . .     SeeInvis .     n - +0 war axe
rCold  . . .     Clarity  .     d - +0 leather armour
rNeg   . . .     SustAt   .     (no shield)
rPois  .         Gourm    .     (no helmet)
rElec  .         Spirit   .     (no cloak)
rCorr  .         Warding  .     (no gloves)
rMut   .         Stasis   .     (no boots)
MR     .....                    (no amulet)
Stlth  +.........               (no ring)
                                (no ring)

@: not resistant to hostile enchantments, very unstealthy
A: no striking features
a: Renounce Religion


You were on level 4 of the Dungeon.
You worshipped Makhleb.
Makhleb was noncommittal.
You were not hungry.

You visited 1 branch of the dungeon, and saw 4 of its levels.

You collected 120 gold pieces.

Inventory:

Hand weapons
 a - a +3 hand axe
 n - a +0 war axe (weapon)
Missiles
 e - 3 needles of frenzy
 g - 48 arrows
 k - 8 poisoned needles
Armour
 d - a +0 leather armour (worn)
Scrolls
 l - a scroll of identify {unknown}
 m - a scroll of random uselessness {unknown}
Potions
 b - a potion of heal wounds {unknown}
 c - a potion of lignification
 h - a potion of curing {unknown}
 i - a potion of brilliance {unknown}
Comestibles
 j - a fruit


   Skills:
 + Level 3.7 Fighting
 + Level 3.1 Axes
 + Level 1.0 Throwing
 + Level 2.2 Armour
 + Level 2.3 Dodging
 - Level 1.1 Unarmed Combat
   Level 1.0 Evocations


You had 3 spell levels left.
You didn't know any spells.

Dungeon Overview and Level Annotations

Branches:
Dungeon (4/15)
 Temple: D:4-7

Altars:
Makhleb
Zin


Message History

The ogre is moderately wounded.
You slash the ogre!
The ogre is severely wounded.
The ogre closely misses you.
You hit the ogre.
The ogre is severely wounded.
The ogre hits you with a giant spiked club!
* * * LOW HITPOINT WARNING * * *
You barely miss the ogre.
The ogre is severely wounded.
The ogre hits you with a giant spiked club.
* * * LOW HITPOINT WARNING * * *
You hit the ogre.
The ogre is severely wounded.
The ogre hits you with a giant spiked club!
* * * LOW HITPOINT WARNING * * *
You barely miss the ogre.
The ogre is severely wounded.
The ogre hits you with a giant spiked club!
You die...

....#############..#
................#..#
####........#...#..#
##########.#..<#..#
....... #.#.#.#..##
....... #.#.......#
....... #.....#.###
.......#########.#
..............O@.#
.....#############
... .


You could see an ogre.

Vanquished Creatures
  4 adders
  2 worms
  A giant gecko (D:3)
  2 orcs (D:3)
  A giant cockroach (D:3)
  3 goblins
  5 hobgoblins
  2 quokkas (D:2)
  2 bats
  3 kobolds
  4 rats
29 creatures vanquished.

Notes
Turn   | Place    | Note
--------------------------------------------------------------
     0 | D:1      | KINGKRU the Hill Orc Wanderer began the quest for the Orb.
     0 | D:1      | KINGKRU set off with: a +2 hand axe, a +0 spear, a potion of lignification, a +0 robe, a bread ration
     0 | D:1      | Reached XP level 1. HP: 18/18 MP: 1/1
   587 | D:2      | Reached skill level 3 in Fighting
   587 | D:2      | Reached XP level 2. HP: 16/26 MP: 2/2
   917 | D:2      | Reached XP level 3. HP: 13/31 MP: 3/3
  2080 | D:3      | Reached XP level 4. HP: 13/38 MP: 4/4
  2448 | D:3      | Found a glowing silver altar of Zin.
  2448 | D:3      | Found a burning altar of Makhleb.
  2449 | D:3      | Noticed a cacodemon
  2449 | D:3      | Noticed an angel
  2612 | D:3      | Became a worshipper of Makhleb the Destroyer
  2784 | D:4      | Noticed a phantom
  3109 | D:4      | Noticed an ogre
  3122 | D:4      | HP: 1/40 [ogre/giant spiked club (7)]
  3128 | D:4      | Mangled by an ogre

Vault maps used:
D:1:      roderic_dead_forest
D:2:      uniq_jessica, uniq_sigmund
D:3:      grunt_temple_overflow_order_and_chaos_2, first_bread
D:4:      grunt_temple_overflow_opulence, serial_shops, shop,
          kennysheep_pointless_box, uniq_pikel

Action                   |  1- 3 |  4- 6 || total
-------------------------+-------+-------++-------
Melee: Hand axe          |    81 |    12 ||    93
       War axe           |       |    29 ||    29
  Use: Scroll            |     2 |     1 ||     3
  Eat: Bread ration      |     1 |       ||     1
       Fruit             |       |     3 ||     3
